 Dungeon Crawl Stone Soup version 0.29.1-4-g47bece8355 (webtiles) character file.

Game seed: 13562212204645592083

259 Descartes the Shooter (level 5, -6/25 HPs)
             Began as a Spriggan Wanderer on Dec 5, 2022.
             Mangled by a kobold brigand
             ... wielding a +0 dagger
              (7 damage)
             ... in a sewer.
             The game lasted 00:05:14 (2720 turns).

Descartes the Shooter (Spriggan Wanderer)           Turns: 2720, Time: 00:05:14

Health: -6/25      AC:  2    Str:  5    XL:     5   Next: 94%
Magic:  10/10      EV: 19    Int: 16    God:
Gold:   64         SH:  0    Dex: 17    Spells: 10/10 levels left

rFire   + . .      SeeInvis +   a - +2 sling
rCold   + . .      Faith    .   (no shield)
rNeg    . . .      Spirit   .   e - +0 robe
rPois   +          Reflect  .   c - +0 hat
rElec   +          Harm     .   (no cloak)
rCorr   +          Rampage  .   (gloves unavailable)
Will    .....                   (boots unavailable)
Stlth   +++.......              (no amulet)
HPRegen 0.08/turn               (no ring)
MPRegen 0.12/turn               (no ring)

@: resistant, slowed, quick
A: very small, no large weapons, unfitting armour, see invisible, speed 3
a: no special abilities


You were in a sewer.
You visited 1 branch of the dungeon, and saw 3 of its levels.
You also visited: Sewer.

You collected 64 gold pieces.

Inventory:

Hand Weapons
 a - a +2 sling (weapon)
 b - a +0 falchion
Missiles
 i - 10 poisoned darts
Armour
 c - a +0 hat (worn)
 e - a +0 robe (worn)
Scrolls
 d - 2 scrolls of butterflies
 f - a scroll of magic mapping
 j - 2 scrolls of vulnerability
 k - a scroll of fear {unknown}
 o - a scroll of enchant armour {unknown}
 p - a scroll of brand weapon {unknown}
 q - a scroll of acquirement {unknown}
 r - a scroll of noise {unknown}
 s - a scroll of amnesia {unknown}
 t - a scroll of poison {unknown}
Potions
 g - a potion of haste {unknown}
 h - 2 potions of resistance
 l - a potion of attraction {unknown}
 m - 2 potions of might {unknown}
 n - a potion of curing {unknown}
 u - a potion of lignification {unknown}


   Skills:
 - Level 1.0 Fighting
 - Level 1.5 Long Blades
 + Level 5.0 Ranged Weapons
 - Level 1.0 Throwing
 + Level 4.7 Dodging
 + Level 4.4 Stealth
 + Level 3.2 Spellcasting


You had 10 spell levels left.
You didn't know any spells.
Your spell library contained the following spells:

 Spells                   Type           Power      Damage    Failure   Level
 Beastly Appendage        Tmut           4%         N/A       19%         1
 Wereblood                Tmut           2%         N/A       28%         2
 Gell's Gravitas          Tloc           2%         N/A       50%         3
 Spider Form              Tmut/Pois      2%         N/A       50%         3
 Teleport Other           Tloc           2%         N/A       50%         3
 Dispersal                Tloc           1%         N/A       100%        6


Dungeon Overview and Level Annotations

Branches:
Dungeon (3/15)              Sewer (1/1)

Altars:
Kikubaaqudgha

Shops:
D:1 [

Annotations:
D:2 Sigmund


Innate Abilities, Weirdness & Mutations

You are very small and have problems with some larger weapons.
You are too small for most types of armour.
You have supernaturally acute eyesight. (SInv)
You cover ground extremely quickly. (Speed+++)


Message History

The kobold brigand shouts!
The kobold brigand is lightly wounded.
You shoot a sling bullet.
The sling bullet barely misses the kobold brigand.
You shoot a sling bullet.
The sling bullet hits the kobold brigand but does no damage.
The kobold brigand is lightly wounded.
A kobold brigand comes into view.
It is wielding a +0 dagger and quivering curare-tipped darts.
You shoot a sling bullet. The kobold brigand shouts!
The sling bullet hits the kobold brigand.
The kobold brigand is moderately wounded.
The kobold brigand throws a curare-tipped dart.
The curare-tipped dart closely misses you.
You shoot a sling bullet.
The sling bullet hits the kobold brigand but does no damage.
The kobold brigand is lightly wounded.
The kobold brigand throws a curare-tipped dart.
The curare-tipped dart hits you.
You are poisoned.
You have difficulty breathing.
You feel yourself slow down.
You feel very sick.
You enter the shallow water.
Moving in this stuff is going to be slow.
You feel sick.
Things that are here:
a +0 short sword; an adder corpse; a kobold corpse
* * * LOW HITPOINT WARNING * * *
You feel very sick.
* * * LOW HITPOINT WARNING * * *
You feel sick.
* * * LOW HITPOINT WARNING * * *
You feel sick.
* * * LOW HITPOINT WARNING * * *
You feel sick.
You are no longer poisoned.
It was a potion of resistance.
You feel protected.
The kobold brigand hits you with a +0 dagger!
You die...

#..~..#####~†..~# !. ##...##
##...## K# ##~## ##~## .#
#)# #~# .# #~# #~# .# ##~##
##~## ##K## ##~~.## ##~~.##
##...##
###.∩~.~#####~...K####.....#
~~~..∩~~≈≈≈≈≈~.~@~K~~)~..~.#
###...~.#####.....####..~..#
##.~.## ##.~~## ##..~##
##≈## ##≈## ##~## #≈# #≈# ~#
#≈≈ #≈# ~# ≈## #≈# ~# #≈ .~


You could see 2 kobold brigands.

Vanquished Creatures
  A kobold brigand (Sewer)
  Robin (D:2)
  6 adders
  4 gnolls (D:2)
  A river rat (D:3)
  A worm (D:3)
  2 ball pythons
  9 endoplasms
  6 giant cockroaches
  13 goblins
  3 hobgoblins
  3 jackals (D:1)
  2 quokkas
  8 bats
  5 frilled lizards
  6 kobolds
  6 rats
77 creatures vanquished.

Notes
Turn   | Place    | Note
-------+----------+-------------------------------------------
     0 | D:1      | Descartes the Spriggan Wanderer began the quest for the
                  | Orb.
     0 | D:1      | Descartes set off with the following items: a +2 sling, a
                  | +0 falchion, a +0 hat, a scroll of butterflies, a +0 robe.
     0 | D:1      | Reached XP level 1. HP: 10/10 MP: 2/2
    67 | D:1      | Reached skill level 1 in Stealth
    81 | D:1      | Reached XP level 2. HP: 14/14 MP: 3/3
   246 | D:1      | Reached skill level 1 in Spellcasting
   284 | D:1      | Found Buimih's Antique Armour Shop.
   716 | D:2      | Reached XP level 3. HP: 18/18 MP: 5/5
   751 | D:2      | Found an ancient bone altar of Kikubaaqudgha.
   751 | D:2      | Noticed Sigmund
   852 | D:2      | Identified the +6 ring mail "Tixedyedae" {rCorr}
  1364 | D:2      | Reached XP level 4. HP: 22/22 MP: 7/7
  1639 | D:2      | Noticed Robin
  1654 | D:2      | Reached XP level 5. HP: 19/25 MP: 9/9
  1925 | D:2      | Killed Robin
  2635 | D:3      | Found a glowing drain.
  2645 | Sewer    | Entered a sewer
  2662 | Sewer    | Reached skill level 5 in Ranged Weapons
  2718 | Sewer    | HP: 1/25 [poisoned by a kobold brigand (curare-tipped
                  | dart)]
  2720 | Sewer    | Mangled by a kobold brigand

Illustrated notes

Levels and vault maps discovered:
D:1:      psy_arrival_statuary, layout_basic, serial_shops, shop, minivault_23,
          item_on_display_a
D:2:      layout_loops_corners, basic_altar, uniq_sigmund, uniq_robin
D:3:      layout_loops_cross, mainiacjoe_overflow_alcove_2,
          portal_sewer_entry_b, palyth_stone_intersect, nrook_campfire,
          skrybe_limestone_x
Sewer:    sewer_co_15_rooms

Skill      XL: |  1  2  3  4  5 |
---------------+----------------+-----
Stealth        | 1 2 3 4 |  4.4
Dodging        | 3 4 |  4.7
Spellcasting   | 1 2 3 |  3.2
Ranged Weapons | 5 |  5.0
Fighting       | |  1.0
Long Blades    | |  1.5
Throwing       | |  1.0

Action                   |  1- 3 |  4- 6 || total
-------------------------+-------+-------++-------
 Fire: Sling             |   116 |   135 ||   251
  Use: Scroll            |       |     2 ||     2
       Potion            |       |     1 ||     1
Armor: Robe              |     5 |    10 ||    15
Dodge: Dodged            |    31 |    53 ||    84
